 Seeded DCSS version 0.32-a0-918-g0f22ef8d61 (webtiles) character file.

Game seed: 10697857453252290824 (custom seed)

7 innerfire43 the Ducker (level 1, 0/14 HPs)
             Began as a Demonspawn Wanderer on Apr 10, 2024.
             Slain by a bat (1 damage)
             ... on level 1 of the Dungeon.
             The game lasted 00:00:31 (106 turns).

innerfire43 the Ducker (Demonspawn Wanderer)         Turns: 106, Time: 00:00:31

Health: 0/14       AC:  2    Str: 12    XL:     1   Next: 91%
Magic:  1/1        EV: 11    Int: 12    God:
Gold:   24         SH:  4    Dex: 12    Spells: 0/0 levels left

rFire   . . .        a - +2 hand axe
rCold   . . .        c - +0 buckler
rNeg    . . .        e - +0 robe
rPois   .            (no helmet)
rElec   .            (no cloak)
rCorr   .            (no gloves)
SInv    .            (no boots)
Will    .....        (no amulet)
Stlth   ++           (no ring)
HPRegen 0.22/turn    (no ring)
MPRegen 0.07/turn

%: no passive effects
@: brilliant
A: no striking features
a: no special abilities


You were on level 1 of the Dungeon.
You visited 1 branch of the dungeon, and saw 1 of its levels.

You collected 24 gold pieces.

Inventory:

Hand Weapons
 a - a +2 hand axe (weapon)
 b - a +0 spear
Armour
 c - a +0 buckler (worn)
 e - a +0 robe (worn)
Jewellery
 f - a +4 ring of protection
Potions
 d - a potion of lignification


   Skills:
 + Level 0.5 Fighting
 + Level 2.0(2.1) Axes
 - Level 1.0(1.5) Polearms
 - Level 1.0 Throwing
 + Level 0.4 Armour
 - Level 2.6 Dodging
 - Level 1.0 Stealth
 + Level 1.2 Shields
 - Level 1.0 Evocations


You couldn't memorise any spells.
You didn't know any spells.
Your spell library was empty.

Dungeon Overview and Level Annotations

Branches:
Dungeon (1/15)

Altars:


Message History

The goblin barely misses you. The ball python barely misses you.
The ball python grabs you. The ball python constricts you.
You hit the goblin.
The goblin is severely wounded.
You hit the ball python. The bat hits you. The goblin hits you with a +0 club.
* * * LOW HITPOINT WARNING * * *
The ball python bites you.
* * * LOW HITPOINT WARNING * * *
The ball python constricts you.
* * * LOW HITPOINT WARNING * * *
You barely miss the goblin.
The goblin is severely wounded.
You hit the ball python.
You kill the ball python!
The goblin barely misses you. The bat closely misses you. x2
The goblin closely misses you.
Your Axes skill increases to level 2!
It was a potion of brilliance.
You feel clever all of a sudden. The bat hits you but does no damage.
You block the bat's attack. The goblin hits you but does no damage.
You miss the goblin.
The goblin is severely wounded.
You hit the bat. The bat closely misses you. The goblin misses you.
You barely miss the goblin.
The goblin is severely wounded.
You miss the bat. The bat barely misses you.
The bat hits you but does no damage. The goblin closely misses you.
You barely miss the goblin.
The goblin is severely wounded.
You barely miss the bat. You block the bat's attack.
The goblin hits you with a +0 club.
* * * LOW HITPOINT WARNING * * *
A hobgoblin comes into view.
The bat hits you but does no damage.
The hobgoblin shouts!
You slash the goblin!
You kill the goblin!
You barely miss the bat. The bat barely misses you. The bat hits you.
You die...

....#.########......#.####
......................#
......>......######.###
.###.#######...####.#
.###.# #.....#..#####
.....# ###.).)........
.##### ##...).........
..... ...#....b.........
.#... ........@.........
..... ........).........
..... ..................
..... ..................
##... ...............g. #
#. ...##........... .##
##.......... ..........#


You could see a hobgoblin and a bat.

Vanquished Creatures
  An endoplasm (D:1)
  A giant cockroach (D:1)
  2 goblins (D:1)
  A hobgoblin (D:1)
  A ball python (D:1)
  2 kobolds (D:1)
8 creatures vanquished.

Notes
Turn   | Place    | Note
-------+----------+-------------------------------------------
     0 | D:1      | innerfire43 the Demonspawn Wanderer began the quest for the
                  | Orb.
     0 | D:1      | innerfire43 set off with the following items: a +2 hand
                  | axe, a +0 spear, a +0 buckler, a potion of lignification, a
                  | +0 robe.
     0 | D:1      | Reached XP level 1. HP: 13/13 MP: 1/1
   106 | D:1      | Slain by a bat

Illustrated notes

Levels and vault maps discovered:
D:1:      ebering_trefoil_twist, layout_rooms, grunt_decor_junction,
          kennysheep_decorative_pillar

Skill      XL: |  1 |
---------------+----+-----
Axes           | 2 |  2.0
Fighting       | |  0.5
Polearms       | |  1.0
Throwing       | |  1.0
Armour         | |  0.4
Dodging        | |  2.6
Stealth        | |  1.0
Shields        | |  1.2
Evocations     | |  1.0

Action                     || total
---------------------------++-------
  Melee: Hand axe          ||    19
    Use: Potion            ||     1
 Armour: Robe              ||    19
  Dodge: Dodged            ||    26
  Block: Buckler           ||    12

Table legend: (Time is in decaauts)
 A = Elapsed time spent in this place.
 B = Non-inter-level travel time spent in this place.
 C = Inter-level travel time spent in this place.
 D = Time resting spent in this place.
 E = Time spent auto-exploring this place.
 F = Levels seen in this place.
 G = Mean time per level.
                   A        B        C        D        E       F      G
               +--------+--------+--------+--------+--------+-----+--------+
         Total |    110 |    110 |      0 |      0 |     64 |   1 |  110.0 |
       Dungeon |    110 |    110 |      0 |      0 |     64 |   1 |  110.0 |
               +--------+--------+--------+--------+--------+-----+--------+

Top non-repeatable levels by time:
     D:1: 110 daAuts
